 Dungeon Crawl Stone Soup version 0.19.5 (webtiles) character file.

10309 HellForLeather the Destroyer (level 11, 0/62 HPs)
             Began as a Deep Elf Fire Elementalist on Mar 29, 2017.
             Was a Priest of Vehumet.
             Slain by a wraith (7 damage)
             ... led by Josephine
             ... on level 11 of the Dungeon.
             The game lasted 00:54:06 (14087 turns).

HellForLeather the Destroyer (DEFE)                Turns: 14087, Time: 00:54:07

Health: 0/62       AC:  7    Str:  6    XL:     11   Next: 34%
Magic:  22/27      EV: 16    Int: 23    God:    Vehumet [***...]
Gold:   197        SH:  0    Dex: 15    Spells: 6 memorised, 13 levels left

rFire  + + .     SeeInvis +     G - +1 dagger (elec)
rCold  . . .     Gourm    +     M - +2 robe {rC+ rF+}
rNeg   . . .     Faith    .     (no shield)
rPois  .         Spirit   .     I - +0 helmet
rElec  .         Reflect  .     (no cloak)
rCorr  .         Harm     .     n - +0 pair of gloves
MR     +....                    j - +0 pair of boots
Stlth  +++.......               f - amulet of the gourmand
                                o - ring of fire
                                F - ring of see invisible

@: slowed, drained, very slow
A: no striking features
a: Renounce Religion


You were on level 11 of the Dungeon.
You worshipped Vehumet.
Vehumet was most pleased with you.
You were very full.

You visited 2 branches of the dungeon, and saw 12 of its levels.

You collected 649 gold pieces.
You spent 452 gold pieces at shops.

Inventory:

Hand Weapons
 G - a +1 dagger of electrocution (weapon)
Armour
 j - a +0 pair of boots (worn)
 n - a +0 pair of gloves (worn)
 I - a +0 helmet (worn)
 M - a +2 robe of resistance (worn)
Jewellery
 f - an amulet of the gourmand (around neck)
 m - an uncursed ring of poison resistance
 o - a ring of fire (right hand)
 s - an uncursed ring of protection from fire
 y - an uncursed ring of protection from cold
 F - a ring of see invisible (left hand)
 Q - a cursed +3 ring of evasion
Wands
 t - a wand of slowing (30/48)
 v - a wand of paralysis (4/24)
 D - a wand of lightning (4/15)
 H - a wand of lightning (9/15)
Scrolls
 d - 6 scrolls of remove curse
 e - 2 scrolls of immolation
 k - 6 scrolls of teleportation
 l - 3 scrolls of fog
 q - 3 scrolls of identify
 A - a scroll of enchant weapon
 N - a scroll of blinking
 P - a scroll of fear
Potions
 g - 2 potions of cure mutation {unknown}
 i - 5 potions of curing
 p - 2 potions of heal wounds
 w - 4 potions of brilliance
 x - a potion of mutation {unknown}
 B - 2 potions of might
 E - 3 potions of lignification
 S - a potion of cancellation {unknown}
Books
 b - a book of Flames

   Spells                             Type                      Level
   a - Flame Tongue                   Conjuration/Fire             1
   b - Throw Flame                    Conjuration/Fire             2
   c - Conjure Flame                  Conjuration/Fire             3
   d - Inner Flame                    Hexes/Fire                   3
   e - Sticky Flame                   Conjuration/Fire             4
   f - Fireball                       Conjuration/Fire             5
Comestibles
 a - 9 fruits
 c - 7 bread rations
 h - 3 beef jerkies
 r - 11 royal jellies
 u - a meat ration


   Skills:
 * Level 4.4 Fighting
 * Level 7.0(6.9) Dodging
 - Level 6.6(6.5) Stealth
 + Level 10.7(10.6) Spellcasting
 + Level 11.4(11.3) Conjurations
 + Level 9.5(9.4) Fire Magic


You had 13 spell levels left.
You knew the following spells:

 Your Spells              Type           Power        Failure   Level  Hunger
a - Flame Tongue          Conj/Fire      #####        1%          1    None
b - Throw Flame           Conj/Fire      ######       1%          2    None
c - Conjure Flame         Conj/Fire      ######..     1%          3    None
d - Sticky Flame          Conj/Fire      ######..     1%          4    #......
e - Fireball              Conj/Fire      ######....   1%          5    ####...
f - Mephitic Cloud        Conj/Pois/Air  ####....     1%          3    None


Dungeon Overview and Level Annotations

Branches:
Dungeon (11/15)            Temple (1/1) D:5            Lair (0/6) D:8
    Orc (0/2) D:10

Altars:
Ashenzari
Cheibriados
Dithmenos
Elyvilon
Fedhas
Gozag
Hepliaklqana
Kikubaaqudgha
Makhleb
Nemelex Xobeh
Okawaru
Qazlal
Ru
Sif Muna
Trog
Uskayaw
Vehumet
Xom
Yredelemnul
Zin
The Shining One
Beogh

Shops:
D:7 =   D:8 *   D:10 [

Annotations:
D:11 Grum


Message History

The wolf completely misses you.
Grum points his finger and shouts, "Junior!
Sic 'em!"
The wraith misses you. The wolf closely misses you. The wraith hits you!
The wraith drains your vigour!
You feel as though you will be slow longer.
Grum hits you from afar with an enchanted spear!!
The wolf completely misses you. The wraith completely misses you.
A centaur warrior skeleton comes into view.
The wolf misses you. The wraith hits you but does no damage.
The wraith barely misses you. The wraith hits you. Grum closely misses you.
The wraith hits you!
* * * LOW HITPOINT WARNING * * *
The wraith drains your vigour!
You feel as though you will be slow longer.
The wolf barely misses you. The wraith hits you.
* * * LOW HITPOINT WARNING * * *
The wraith hits you.
* * * LOW HITPOINT WARNING * * *
The wraith hits you!
You die...

≈,,,......#*
≈≈,,%......##
≈,,,........##
,,,,......[..##
,,,,..........##
,,,,...../.....##
,,,,...........g##
,,,,...........hW#
>,,,..........(W@#
,,,,...........WW#
,,,,.......)....##
,,,,,..........##
,,,,,,........##
,,,,,,,....Z.#*
≈,,,,,,,....#*
≈≈,,,,,,...#*
≈,,,,,,,,.#*


You could see Grum, 4 wraiths, a wolf and a centaur warrior skeleton.

Vanquished Creatures
  Josephine (D:11)
  The ghost of ReniFell the Grappler, a novice TrMo of Cheibriados (D:8)
  A hill giant (D:10)
  Psyche (D:10)
  A troll (D:10)
  A two-headed ogre (D:8)
  A hippogriff (D:8)
  6 yaks (D:8)
  A hungry ghost (D:7)
  2 wyverns (D:9)
  Eustachio (D:6)
  A wraith (D:11)
  A basilisk (D:8)
  Menkaure (D:6)
  7 porcupines
  The ghost of equalderp2856 the Scratcher, an amateur FeFi (D:4)
  An ice beast (D:7)
  2 orc warriors (D:8)
  A black bear (D:9)
  6 ogres
  A necrophage (D:4)
  3 centaurs
  5 crocodiles (D:8)
  2 big kobolds
  9 bullfrogs
  Blork the orc (D:6)
  A wyvern skeleton (D:8)
  8 scorpions
  3 howler monkeys
  4 crimson imps
  7 jellies
  2 quasits
  5 hounds
  7 orc priests
  10 orc wizards
  A centaur zombie (D:7)
  Terence (D:1)
  4 iguanas
  10 worker ants
  2 hound skeletons (D:7)
  Robin (D:2)
  11 gnolls
  10 adders
  4 river rats
  2 shadow imps
  5 oozes (D:8)
  An adder zombie (D:8)
  2 adder skeletons (D:5)
  3 worms
  6 leopard geckos
  57 orcs
  7 giant cockroaches
  19 goblins
  12 hobgoblins
  7 jackals
  5 quokkas
  2 ball pythons
  6 bats
  9 frilled lizards
  A giant cockroach zombie (D:5)
  14 kobolds
  A quokka skeleton (D:7)
  11 rats
320 creatures vanquished.

Vanquished Creatures (others)
  2 bushes (D:8)
  5 plants (D:8)
7 creatures vanquished.

Grand Total: 327 creatures vanquished

Notes
Turn   | Place    | Note
-------+----------+-------------------------------------------
     0 | D:1      | HellForLeather the Deep Elf Fire Elementalist began the quest for the Orb.
     0 | D:1      | Reached XP level 1. HP: 10/10 MP: 6/6
   219 | D:1      | Reached XP level 2. HP: 15/15 MP: 6/8
   382 | D:1      | Reached skill level 2 in Conjurations
   528 | D:1      | Learned a level 2 spell: Throw Flame
   896 | D:2      | Noticed Robin
   951 | D:2      | Reached XP level 3. HP: 19/19 MP: 5/10
   956 | D:2      | Learned a level 3 spell: Conjure Flame
  1125 | D:2      | Killed Robin
  1327 | D:2      | Noticed Terence
  1594 | D:1      | Killed Terence
  1594 | D:1      | Reached skill level 3 in Conjurations
  1594 | D:1      | Reached XP level 4. HP: 19/24 MP: 2/12
  2282 | D:2      | Reached XP level 5. HP: 28/28 MP: 0/14
  2288 | D:2      | Learned a level 4 spell: Sticky Flame
  2459 | D:2      | Found an opulent altar of Gozag.
  2460 | D:2      | Found a glowing silver altar of Zin.
  2759 | D:3      | Reached skill level 4 in Conjurations
  3739 | D:3      | Reached skill level 5 in Spellcasting
  4015 | D:4      | Noticed an ogre
  4024 | D:4      | Killed an ogre
  4024 | D:4      | Reached XP level 6. HP: 32/32 MP: 8/15
  4030 | D:4      | Reached skill level 5 in Conjurations
  4262 | D:4      | Noticed equalderp2856's ghost (amateur FeFi)
  4270 | D:4      | Killed equalderp2856's ghost
  4270 | D:4      | Reached skill level 5 in Fire Magic
  4403 | D:4      | Reached XP level 7. HP: 25/36 MP: 10/17
  4699 | D:4      | Reached skill level 6 in Conjurations
  4857 | D:4      | Learned a level 5 spell: Fireball
  5462 | D:4      | Reached skill level 7 in Conjurations
  5708 | D:4      | Reached XP level 8. HP: 41/41 MP: 9/20
  5717 | D:5      | Entered Level 5 of the Dungeon
  6355 | D:5      | Got a crystal hand axe
  6356 | D:5      | Identified the cursed +2 hand axe "Iwiuren" {flame, Dex+2} (You found it on level 5 of the Dungeon)
  6453 | D:5      | Found a staircase to the Ecumenical Temple.
  6465 | Temple   | Entered the Ecumenical Temple
  6564 | D:5      | Reached skill level 8 in Conjurations
  6720 | D:5      | Found a radiant altar of Vehumet.
  6728 | D:5      | Became a worshipper of Vehumet
  6852 | D:6      | Noticed Eustachio
  6883 | D:6      | Killed Eustachio
  6984 | D:6      | Noticed Menkaure
  6988 | D:6      | Killed Menkaure
  7200 | D:6      | Found a blossoming altar of Fedhas.
  7240 | D:6      | Noticed Blork the orc
  7250 | D:6      | Killed Blork the orc
  7250 | D:6      | Reached skill level 9 in Conjurations
  7250 | D:6      | Reached XP level 9. HP: 45/45 MP: 16/23
  7846 | D:6      | Reached * piety under Vehumet
  7846 | D:6      | Offered knowledge of Shock by Vehumet.
  8497 | D:7      | Found a shattered altar of Ashenzari.
  8715 | D:7      | Found Giemyuqa's Jewellery Shoppe.
  8724 | D:7      | Bought an uncursed ring of poison resistance for 200 gold pieces
  8724 | D:7      | Bought an uncursed ring of see invisible for 150 gold pieces
  8746 | D:7      | Reached skill level 10 in Conjurations
  9070 | D:7      | Found an ancient bone altar of Kikubaaqudgha.
  9070 | D:7      | Found a shadowy altar of Dithmenos.
  9356 | D:8      | Noticed ReniFell's ghost (novice TrMo)
 10168 | D:8      | Reached skill level 1 in Fighting
 10202 | D:8      | Found a staircase to the Lair.
 10222 | D:8      | Reached XP level 10. HP: 41/52 MP: 8/25
 10224 | D:8      | Offered knowledge of Freeze by Vehumet.
 10226 | D:8      | Reached ** piety under Vehumet
 10474 | D:8      | Reached skill level 10 in Spellcasting
 10581 | D:8      | Reached skill level 11 in Conjurations
 10812 | D:8      | Reached skill level 5 in Stealth
 10981 | D:8      | Offered knowledge of Dazzling Spray by Vehumet.
 10981 | D:8      | Reached skill level 5 in Dodging
 11371 | D:8      | Found Muesimu's General Store.
 11376 | D:8      | Bought a scroll of identify for 24 gold pieces
 11376 | D:8      | Bought a potion of lignification for 36 gold pieces
 11376 | D:8      | Bought a scroll of fear for 42 gold pieces
 11396 | D:8      | Killed ReniFell's ghost
 12200 | D:9      | Reached *** piety under Vehumet
 12901 | D:9      | Reached XP level 11. HP: 60/60 MP: 18/27
 12990 | D:9      | Found a burning altar of Makhleb.
 13088 | D:9      | Found a stormy altar of Qazlal.
 13141 | D:10     | Entered Level 10 of the Dungeon
 13367 | D:10     | Noticed a hill giant
 13378 | D:10     | Killed a hill giant
 13378 | D:10     | Offered knowledge of Mephitic Cloud by Vehumet.
 13383 | D:10     | Learned a level 3 spell: Mephitic Cloud
 13761 | D:10     | Found a staircase to the Orcish Mines.
 13822 | D:10     | Found a roughly hewn altar of Beogh.
 13865 | D:10     | Found Tacenak's Antique Armour Shop.
 13954 | D:11     | Noticed Josephine
 13959 | D:11     | Noticed Psyche
 13961 | D:11     | Noticed Grum
 13961 | D:11     | Killed Josephine
 14021 | D:10     | Killed Psyche
 14087 | D:11     | Slain by a wraith

Skill      XL: |  1  2  3  4  5  6  7  8  9 10 11 |
---------------+----------------------------------+-----
Conjurations   | 2 3 4 5 7 9 10 11 | 11.4
Spellcasting   | 4 5 7 8 9 10 | 10.7
Fire Magic     | 4 5 7 8 9 |  9.5
Fighting       | 1 3 4 |  4.4
Dodging        | 3 5 7 |  7.0
Stealth        | 3 6 |  6.6

Action                   |  1- 3 |  4- 6 |  7- 9 | 10-12 || total
-------------------------+-------+-------+-------+-------++-------
Melee: Dagger            |    10 |       |     9 |    55 ||    74
       Mace              |       |    16 |       |       ||    16
       Whip              |       |       |    44 |       ||    44
 Cast: Flame Tongue      |    58 |   123 |   176 |    26 ||   383
       Throw Flame       |    14 |    42 |   128 |   132 ||   316
       Conjure Flame     |     3 |     3 |     6 |     7 ||    19
       Sticky Flame      |       |       |    18 |    14 ||    32
       Fireball          |       |       |       |    15 ||    15
       Mephitic Cloud    |       |       |       |     1 ||     1
  Use: Scroll            |       |     5 |     8 |     6 ||    19
 Stab: Sleeping          |       |     1 |     1 |     2 ||     4
  Eat: Chunk             |     2 |     9 |    28 |    14 ||    53
Armor: Leather armour    |     3 |    18 |    14 |       ||    35
       Robe              |       |       |     6 |    31 ||    37
Dodge: Dodged            |     6 |    28 |    70 |    72 ||   176
